 Dungeon Crawl Stone Soup version 0.17-a0-1481-gfdcec5c (webtiles) character file.

325 Parakulo the Firebug (level 6, -3/36 HPs)
             Began as an Octopode Fire Elementalist on July 4, 2015.
             Slain by mrath's ghost (6 damage)
             ... on level 3 of the Dungeon.
             The game lasted 00:10:25 (2384 turns).

Parakulo the Firebug (Octopode Fire Elementalist)   Turns: 2384, Time: 00:10:26

Health: -3/36      AC:  6    Str:  7      XL:     6   Next: 48%
Magic:  1/12       EV: 12    Int: 17 (20) God:
Gold:   102        SH:  0    Dex: 12      Spells: 3 memorised, 7 levels left

rFire  . . .     SeeInvis .     e - +0 short sword (protect)
rCold  . . .     Clarity  .     (no shield)
rNeg   . . .     SustAt   .     (helmet restricted)
rPois  .         Gourm    .     (no amulet)
rElec  .         Spirit   .     (no ring)
rCorr  .         Warding  .     (no ring)
rMut   .         Stasis   .     (no ring)
MR     .....                    (no ring)
Stlth  +++.......               (no ring)
                                (no ring)
                                (no ring)
                                (no ring)

@: not resistant to hostile enchantments, fairly stealthy
A: almost no armour, amphibious, 8 rings, constrict 8, camouflage 1, gelatinous
body 1
a: no special abilities


You were on level 3 of the Dungeon.
You were not hungry.

You visited 1 branch of the dungeon, and saw 3 of its levels.

You collected 102 gold pieces.

Inventory:

Hand weapons
 e - a +0 short sword of protection (weapon)
 j - a +0 blowgun
Missiles
 k - 11 poisoned needles
Scrolls
 c - 2 scrolls of identify {unknown}
 g - a scroll of blinking {unknown}
 h - 2 scrolls of teleportation
 i - a scroll of remove curse {unknown}
Books
 a - a book of Flames

   Spells                             Type                      Level
   a - Flame Tongue                   Conjuration/Fire             1
   b - Throw Flame                    Conjuration/Fire             2
   c - Conjure Flame                  Conjuration/Fire             3
   d - Inner Flame                    Hexes/Fire                   3
   e - Sticky Flame                   Conjuration/Fire             4
   f - Fireball                       Conjuration/Fire             5
Comestibles
 b - a bread ration
 d - a meat ration
 f - 6 chunks of flesh


   Skills:
 - Level 2.0 Dodging
 - Level 2.6 Stealth
 + Level 4.2 Spellcasting
 + Level 2.0 Conjurations
 + Level 5.4 Fire Magic


You had 7 spell levels left.
You knew the following spells:

 Your Spells              Type           Power        Failure   Level  Hunger
a - Flame Tongue          Conj/Fire      ###..        3%          1    None
b - Throw Flame           Conj/Fire      ###...       6%          2    ##.....
c - Conjure Flame         Conj/Fire      ###.....     12%         3    ###....


Dungeon Overview and Level Annotations

Branches:
Dungeon (3/15)

Altars:

Annotations:
D:3 mrath's ghost, average CeHu


Innate Abilities, Weirdness & Mutations

You cannot wear most types of armour.
You are amphibious.
You can wear up to eight rings at the same time.
You can use your tentacles to constrict eight enemies at once.
Your skin changes colour to match your surroundings (Stealth).
Your rubbery body absorbs attacks (AC +1).


Message History

Press: ? - help, Shift-Dir - straight line, f/p - mrath's ghost
Aim: mrath's ghost (severely damaged)
The flame tongue hits mrath's ghost.
Mrath's ghost appears unharmed.
Mrath's ghost is severely damaged.
Mrath's ghost hits you.
* * * LOW HITPOINT WARNING * * *
Casting: Flame Tongue
Confirm with . or Enter, or press ? or * to list all spells.
Aiming: Flame Tongue
Press: ? - help, Shift-Dir - straight line, f/p - mrath's ghost
Aim: mrath's ghost (severely damaged)
The flame tongue hits mrath's ghost.
Mrath's ghost is severely damaged.
Mrath's ghost hits you.
* * * LOW HITPOINT WARNING * * *
Mrath's ghost whispers, "Death doesn't hurt.
What you feel is life." Mrath's ghost hits you.
* * * LOW HITPOINT WARNING * * *
Mrath's ghost hits you.
You die...

#.. .......##.#.# #.#
#.##...##.#.# # #.#
###.##...##.#.##### #.#.#
#<.................
.#.#####....##.......#####
...................##
#.#####....##.#.#.##
#.#####.#.###.#.#.#
#......W@.....#[#.#
######............#
######..#####.#.###
..............#.#
#######.####..#.# ##.#
#..#.# #..# #..#.# #.##
##..#.####### #.#
#...........#


You could see mrath's ghost.

Vanquished Creatures
  An orc priest (D:3)
  Ijyb (D:2)
  Terence (D:2)
  8 adders
  7 gnolls (D:3)
  An ooze (D:2)
  3 worms
  3 giant geckos
  5 orcs (D:3)
  3 giant cockroaches
  8 goblins
  11 hobgoblins
  4 jackals (D:2)
  10 kobolds
  3 quokkas
  2 ball pythons
  6 bats
  3 giant newts
  6 rats
86 creatures vanquished.

Notes
Turn   | Place    | Note
--------------------------------------------------------------
     0 | D:1      | Parakulo the Octopode Fire Elementalist began the quest for the Orb.
     0 | D:1      | Reached XP level 1. HP: 11/11 MP: 3/3
   220 | D:1      | Reached XP level 2. HP: 17/17 MP: 0/5
   376 | D:1      | Learned a level 2 spell: Throw Flame
   697 | D:2      | Noticed Ijyb
   713 | D:2      | Killed Ijyb
   713 | D:2      | Reached skill level 4 in Fire Magic
   713 | D:2      | Reached XP level 3. HP: 21/21 MP: 1/6
   763 | D:2      | Learned a level 3 spell: Conjure Flame
   835 | D:2      | Noticed Terence
   852 | D:2      | Killed Terence
   852 | D:2      | Reached XP level 4. HP: 18/27 MP: 0/8
  1029 | D:2      | Found a faded altar to an unknown god.
  1104 | D:2      | Reached XP level 5. HP: 27/31 MP: 0/9
  1457 | D:3      | Noticed mrath's ghost (average CeHu)
  1755 | D:3      | Reached skill level 5 in Fire Magic
  1877 | D:3      | Reached XP level 6. HP: 12/36 MP: 0/11
  2384 | D:3      | Slain by mrath's ghost

Vault maps used:
D:1:      erik_arrival_triangle_huge
D:2:      ecumenical_altar_1, uniq_terence, uniq_iyjb
D:3:      grunt_ministairs_9

Action                   |  1- 3 |  4- 6 || total
-------------------------+-------+-------++-------
Melee: Unarmed           |     1 |       ||     1
       Short sword       |    23 |   118 ||   141
       Dagger            |     4 |       ||     4
 Cast: Flame Tongue      |    21 |    49 ||    70
       Throw Flame       |     2 |     5 ||     7
       Conjure Flame     |     1 |     1 ||     2
  Use: Scroll            |       |     1 ||     1
       Potion            |       |     1 ||     1
 Stab: Sleeping          |     4 |    10 ||    14
       Distracted        |       |     2 ||     2
  Eat: Chunk             |       |     6 ||     6
